[Event "Team 45 45 League T65"]
[Site "Internet Chess Club"]
[Date "2015.07.22"]
[Round "8"]
[White "QuieroAprender"]
[Black "okieman888"]
[Result "1/2-1/2"]
[WhiteElo "1590"]
[BlackElo "1585"]
[Opening "French defense"]
[ECO "C00"]
[Time "21:01:51"]
[TimeControl "2700+45"]

1. e4 e6 2. Bc4 d5 3. exd5 exd5 4. Bb3 Nf6 5. Ne2 Bd6 6. d4 O-O 7. Bg5 c6 8. O-O
Bg4 9. f3 Bf5 10. Ng3 Bg6 11. c3 Nbd7 12. Bc2 Bxc2 13. Qxc2 Qc7 14. Qf2 h6 15.
Bc1 Rfe8 16. Nd2 Re6 17. c4 Rae8 18. c5 Bxg3 19. Qxg3 Qxg3 20. hxg3 Nh5 21. Kh2
Re2 22. b4 a6 23. Nb3 Rc2 24. g4 Nhf6 25. Na5 Ree2 26. Rg1 Rf2 27. Kh3 g5 28.
Nxb7 Rfe2 29. Nd6 Nf8 30. Nf5 Kh7 31. a4 Ne6 32. b5 axb5 33. axb5 cxb5 34. Nd6
Nxd4 35. Ra7 b4 36. Nxf7 Nc6 37. Rc7 Ne7 38. Nd6 Kg8 39. Nb5 Ne8 40. Rb7 Nc6
{Game drawn by mutual agreement} 1/2-1/2

[Event "Team 45 45 League T65"]
[Site "Internet Chess Club"]
[Date "2015.07.27"]
[Round "8"]
[White "jjaillet2007"]
[Black "Andressa"]
[Result "0-1"]
[WhiteElo "1330"]
[BlackElo "1445"]
[Opening "QGD: exchange variation"]
[ECO "D35"]
[Time "14:04:11"]
[TimeControl "2700+45"]

1. d4 d5 2. c4 e6 3. Nc3 Nf6 4. cxd5 Nxd5 5. e4 Nxc3 6. bxc3 h6 7. Nf3 Be7 8.
Bd3 c5 9. Bb2 cxd4 10. Nxd4 O-O 11. O-O Bf6 12. Bc2 e5 13. Nf3 Bg4 14. Qxd8 Rxd8
15. Ne1 Be2 16. Nd3 Bxf1 17. Kxf1 Nc6 18. Nc5 Na5 19. Bb3 Rac8 20. Na4 b5 21.
Nb6 axb6 22. Bd5 Nc4 23. Bxc4 bxc4 24. a4 Rd2 25. Rb1 Ra8 26. Ke1 Rd7 27. Ra1
Be7 28. Ke2 Bc5 29. f3 Rad8 30. Bc1 Rd3 31. a5 Rxc3 32. a6 Rc2+ 33. Ke1 Bf2+
{White resigns} 0-1

[Event "Team 45 45 League T65"]
[Site "Internet Chess Club"]
[Date "2015.07.27"]
[Round "8"]
[White "hondocando"]
[Black "bluesun"]
[Result "1/2-1/2"]
[WhiteElo "1668"]
[BlackElo "1571"]
[Opening "Ruy Lopez: exchange variation, Alapin gambit"]
[ECO "C68"]
[Time "10:00:37"]
[TimeControl "2700+45"]

1. e4 e5 2. Nf3 Nc6 3. Bb5 a6 4. Bxc6 dxc6 5. O-O Bg4 6. h3 h5 7. d3 Qf6 8. Nbd2
Bc5 9. c3 O-O-O 10. Qe2 Ne7 11. Nb3 Ba7 12. hxg4 hxg4 13. Ng5 Qh6 14. Qxg4+ f5
15. Qh3 Qf6 16. Qf3 f4 17. Qg4+ Kb8 18. Nh3 Rxd3 19. Nxf4 exf4 20. Qxf4 Qg6 21.
Be3 Qh5 22. Bxa7+ Kxa7 23. f3 Ng6 24. Qg3 Ne5 25. Kf2 Nc4 26. Rh1 Qxh1 27. Rxh1
Rxh1 28. Qxg7 Nxb2 29. Qxc7 Rxc3 30. Na5 Nd3+ 31. Kg3 Rb1 32. e5 Rb5 33. e6 Rcc5
34. f4 Nb4 35. e7 Nd5 36. Nxc6+ Rxc6 37. Qxc6 Nxe7 38. Qe6 Nf5+ 39. Kh3 Rc5 40.
g4 Rc3+ 41. Kh2 Rc2+ 42. Kg1 Rc1+ 43. Kf2 Rc2+ 44. Ke1 Nd4 45. Qf7 Nf3+ 46. Kd1
Rf2 47. f5 Ne5 48. Qg8 Rf4 49. Qg5 Rd4+ 50. Kc2 Nxg4 51. f6 Rc4+ 52. Kb3 Rc6 53.
Qxg4 Rxf6 54. a4 Rc6 55. Ka3 Ka8 56. Qd4 Kb8 57. a5 Ka8 58. Kb4 Kb8 59. Qd8+ Ka7
60. Qd7 Kb8 61. Qe8+ Ka7 62. Qxc6 bxc6 63. Kc5 Kb7 64. Kd6 Ka8 65. Kxc6 Kb8 66.
Kb6 Ka8 67. Kxa6 Kb8 68. Kb6 Ka8 69. a6 Kb8 70. Ka5 Ka8 71. Kb5 Kb8 72. Kc6 Ka8
73. Kb6 Kb8 74. a7+ Ka8 75. Ka6 {Black stalemated} 1/2-1/2

[Event "Team 45 45 League T65"]
[Site "Internet Chess Club"]
[Date "2015.07.25"]
[Round "8"]
[White "Littlemon"]
[Black "bayoumicardio10"]
[Result "0-1"]
[WhiteElo "1552"]
[BlackElo "1646"]
[Opening "King's Indian: 4.e4"]
[ECO "E70"]
[Time "18:02:04"]
[TimeControl "2700+45"]

1. d4 Nf6 2. c4 g6 3. Nc3 Bg7 4. e4 d6 5. Bd3 O-O 6. Nge2 e5 7. d5 a5 8. h3 Na6
9. Be3 Nd7 10. O-O f5 11. exf5 gxf5 12. f4 e4 13. Bb1 Ndc5 14. Bd4 Bxd4+ 15.
Nxd4 Nb4 16. g4 Qh4 17. gxf5 Qg3+ 18. Kh1 Qxh3+ 19. Kg1 Qg3+ 20. Kh1 Qh3+ 21.
Kg1 {White resigns} 0-1

[Event "Team 45 45 League T65"]
[Site "Internet Chess Club"]
[Date "2015.07.26"]
[Round "8"]
[White "mongmong"]
[Black "moodle"]
[Result "0-1"]
[WhiteElo "1507"]
[BlackElo "1740"]
[Opening "Queen's pawn game"]
[ECO "D04"]
[Time "18:01:35"]
[TimeControl "2700+45"]

1. d4 d5 2. Nf3 Nf6 3. e3 b6 4. c4 e6 5. Bd3 Bd6 6. O-O O-O 7. b3 Nc6 8. Bb2 Nb4
9. Be2 c5 10. a3 Nc6 11. cxd5 exd5 12. dxc5 bxc5 13. Nbd2 Rb8 14. Rc1 Bf5 15.
Nh4 Be6 16. Nhf3 a5 17. Qc2 h6 18. Bd3 Re8 19. Rfe1 Nd7 20. e4 d4 21. Nc4 Nde5
22. Nfxe5 Nxe5 23. Nxe5 Bxb3 24. Qe2 Rxe5 25. f4 Re6 26. e5 Bf8 27. Qe4 Rg6 28.
g3 Bd5 29. Qe2 Rgb6 30. Ba1 Rb3 31. a4 R8b4 32. Bb5 Bb7 33. e6 Qd5 34. exf7+ Kh8
35. Qe4 Qxe4 36. Rxe4 Bxe4 37. Re1 Rb1 {White resigns} 0-1

[Event "Team 45 45 League T65"]
[Site "Internet Chess Club"]
[Date "2015.07.27"]
[Round "8"]
[White "zigzag2002"]
[Black "Intemperate"]
[Result "0-1"]
[WhiteElo "2158"]
[BlackElo "2076"]
[Opening "Sicilian: Katalimov variation"]
[ECO "B27"]
[Time "14:25:44"]
[TimeControl "2700+45"]

1. e4 c5 2. Nf3 b6 3. d4 e6 4. Nc3 cxd4 5. Nxd4 a6 6. Be2 Bb7 7. O-O Qc7 8. Be3
b5 9. Bf3 Nc6 10. Nxc6 dxc6 11. a4 Bd6 12. g3 Nf6 13. Bd4 Rd8 14. Bxf6 gxf6 15.
Qe2 Ke7 16. Rad1 Bc5 17. Kh1 Bb6 18. Bg2 b4 19. Nb1 c5 20. Nd2 a5 21. b3 h5 22.
f4 h4 23. g4 h3 24. Bf3 Qxf4 25. Nc4 Bc7 26. e5 Rxd1 27. Qxd1 Rd8 28. Qe2 Qxg4
29. exf6+ Kf8 30. Ne3 Bxf3+ 31. Qxf3 Qxf3+ 32. Rxf3 Be5 33. Rxh3 Bxf6 34. Nc4
Rd1+ 35. Kg2 Rc1 36. Nxa5 Rxc2+ 37. Kf3 Rc3+ 38. Kg4 Bd4 39. Rf3 f5+ 40. Kg3
Be5+ 41. Kg2 Rxf3 42. Kxf3 Bxh2 43. Nc4 Ke7 44. a5 Bb8 45. Ke3 Kd7 46. Kd3 Kc6
47. Ke3 Kb5 48. Kd3 Bc7 {White resigns} 0-1

[Event "Team 45 45 League T65"]
[Site "Internet Chess Club"]
[Date "2015.07.23"]
[Round "8"]
[White "spand42"]
[Black "imgr8"]
[Result "1-0"]
[WhiteElo "2024"]
[BlackElo "2181"]
[Opening "Sicilian: Labourdonnais-Löwenthal (Kalashnikov) variation"]
[ECO "B32"]
[Time "18:22:26"]
[TimeControl "2700+45"]

1. e4 c5 2. Nf3 Nc6 3. d4 cxd4 4. Nxd4 e5 5. Nb5 d6 6. N5c3 Be7 7. Nd5 Be6 8.
Nbc3 Nf6 9. Bc4 Rc8 10. Bb3 Nd4 11. Nxf6+ Bxf6 12. Ba4+ Nc6 13. O-O O-O 14. Nd5
Bxd5 15. Qxd5 Nb4 16. Qd2 Qa5 17. Bb3 Rfd8 18. c3 Na6 19. Bd5 b5 20. Qe2 Rd7 21.
Be3 b4 22. c4 Nc5 23. Bxc5 Qxc5 24. b3 a5 25. Qg4 Ra7 26. h4 a4 27. h5 h6 28.
Rfd1 Rcc7 29. g3 Ra5 30. Rd3 Qa7 31. Rf3 Bg5 32. Rb1 axb3 33. Rbxb3 Qc5 34. Rxb4
Qxb4 35. Rxf7 Rxd5 36. Rxc7 Qe1+ 37. Kg2 Rd2 38. Qe6+ {Black resigns} 1-0

[Event "Team 45 45 League T65"]
[Site "Internet Chess Club"]
[Date "2015.07.22"]
[Round "8"]
[White "rook9999"]
[Black "gtmorton"]
[Result "1/2-1/2"]
[WhiteElo "1954"]
[BlackElo "2004"]
[Opening "Scandinavian (center counter) defense"]
[ECO "B01"]
[Time "20:01:23"]
[TimeControl "2700+45"]

1. e4 d5 2. exd5 Qxd5 3. Nc3 Qa5 4. d4 Nf6 5. Nf3 c6 6. Bd2 Bf5 7. Bc4 e6 8. O-O
Qc7 9. Qe2 Nbd7 10. Bd3 Bxd3 11. Qxd3 Bd6 12. Rfe1 O-O 13. Rad1 Rac8 14. a3 a6
15. Ne4 Nxe4 16. Qxe4 c5 17. dxc5 Nxc5 18. Qg4 f5 19. Qc4 b5 20. Qa2 Rf6 21. Bb4
Qb6 22. c3 Re8 23. Re3 Bf4 24. Bxc5 Qxc5 25. Red3 h6 26. Rd7 Rf7 27. Qb1 Rxd7
28. Rxd7 Bc7 29. Qd3 Re7 30. Rxe7 Qxe7 31. a4 bxa4 32. Qxa6 Qd7 33. g3 Kf7 34.
Kf1 {Game drawn by mutual agreement} 1/2-1/2

[Event "Team 45 45 League T65"]
[Site "Internet Chess Club"]
[Date "2015.07.24"]
[Round "8"]
[White "Gilligan"]
[Black "vjbaker"]
[Result "1-0"]
[WhiteElo "2033"]
[BlackElo "1815"]
[Opening "English: symmetrical, Botvinnik system"]
[ECO "A36"]
[Time "10:02:01"]
[TimeControl "2700+45"]

1. c4 c5 2. g3 g6 3. Bg2 Bg7 4. Nc3 Nc6 5. e4 Nf6 6. Nge2 d6 7. O-O O-O 8. d3
Bd7 9. Rb1 a6 10. a3 Rb8 11. b4 b5 12. cxb5 axb5 13. bxc5 dxc5 14. Rxb5 Rxb5 15.
Nxb5 Ne5 16. Nbc3 Bc6 17. d4 cxd4 18. Nxd4 Qa5 19. Nxc6 Nxc6 20. Nd5 Nxd5 21.
exd5 Rd8 22. Bd2 Qc5 23. dxc6 Bc3 24. Be3 {Black resigns} 1-0

[Event "Team 45 45 League T65"]
[Site "Internet Chess Club"]
[Date "2015.07.26"]
[Round "8"]
[White "Hal2001"]
[Black "rubo"]
[Result "0-1"]
[WhiteElo "1576"]
[BlackElo "1657"]
[Opening "Caro-Kann: classical variation"]
[ECO "B18"]
[Time "22:03:01"]
[TimeControl "2700+45"]

1. e4 c6 2. d4 d5 3. Nc3 dxe4 4. Nxe4 Bf5 5. Ng3 Bg6 6. N1e2 e5 7. dxe5 Qxd1+ 8.
Kxd1 Nd7 9. f3 Nxe5 10. Bf4 O-O-O+ 11. Kc1 f6 12. Nc3 Bd6 13. Bxe5 Bxe5 14. Nce4
Bf4+ {White resigns} 0-1

[Event "Team 45 45 League T65"]
[Site "Internet Chess Club"]
[Date "2015.07.24"]
[Round "8"]
[White "PaulRichard"]
[Black "g8wrb"]
[Result "1/2-1/2"]
[WhiteElo "1576"]
[BlackElo "1414"]
[Opening "French: classical, Alapin variation"]
[ECO "C14"]
[Time "10:03:12"]
[TimeControl "2700+45"]

1. e4 e6 2. d4 d5 3. Nc3 Nf6 4. Bg5 Be7 5. e5 Nfd7 6. Bxe7 Qxe7 7. Nb5 Nb6 8. c3
a6 9. Na3 Bd7 10. Nc2 c5 11. f4 Nc6 12. Nf3 cxd4 13. cxd4 Nb4 14. Nxb4 Qxb4+ 15.
Qd2 Qxd2+ 16. Nxd2 Rc8 17. Bd3 O-O 18. O-O Ba4 19. Rac1 Bc6 20. b3 Rc7 21. Rc2
Rfc8 22. Rfc1 f6 23. Nf3 Na8 24. f5 Bd7 25. fxe6 Bxe6 26. exf6 gxf6 27. Rxc7
Rxc7 28. Rxc7 {Game drawn by mutual agreement} 1/2-1/2

[Event "Team 45 45 League T65"]
[Site "Internet Chess Club"]
[Date "2015.07.22"]
[Round "8"]
[White "SeniorCitizen"]
[Black "Conjurer"]
[Result "1-0"]
[WhiteElo "1360"]
[BlackElo "1433"]
[Opening "Sicilian: Pelikan (Lasker/Sveshnikov) variation"]
[ECO "B30"]
[Time "13:05:11"]
[TimeControl "2700+45"]

1. e4 c5 2. Nf3 Nc6 3. Nc3 Nf6 4. d4 cxd4 5. Nxd4 e5 6. Nb3 Bb4 7. Bd3 d5 8. Nd2
d4 9. Ne2 O-O 10. O-O Bg4 11. a3 Be7 12. f3 Be6 13. Nb3 a5 14. c4 a4 15. Nd2 Qc7
16. Ng3 Na5 17. Qc2 Rfc8 18. Nf5 Nxc4 19. Nxe7+ Qxe7 20. Bxc4 b5 21. f4 bxc4 22.
fxe5 d3 23. Qc3 Qc5+ 24. Kh1 Ng4 25. h3 Nf2+ 26. Kh2 Qe3 27. Nf3 Qf4+ 28. Bxf4
Nxe4 29. Qd4 Nc5 30. Qf2 Ra6 31. Rfe1 Bf5 32. Nd2 Ne6 33. Be3 c3 34. Qxf5 cxb2
35. Rab1 Rc2 36. Qxd3 Rac6 37. Nf3 R6c3 38. Qd7 Rxe3 39. Rxe3 {Black resigns}
1-0

[Event "Team 45 45 League T65"]
[Site "Internet Chess Club"]
[Date "2015.07.25"]
[Round "8"]
[White "RUPIS"]
[Black "AVEMARIA"]
[Result "1-0"]
[WhiteElo "1635"]
[BlackElo "1607"]
[Opening "Caro-Kann: classical variation"]
[ECO "B18"]
[Time "06:00:43"]
[TimeControl "2700+45"]

1. e4 c6 2. d4 d5 3. Nc3 dxe4 4. Nxe4 Bf5 5. Ng3 Bg6 6. Nf3 Nd7 7. Be3 e6 8. Bc4
Ngf6 9. O-O Qc7 10. Qd2 Bd6 11. Ne2 Nb6 12. Bb3 Nbd5 13. c4 Nxe3 14. fxe3 Ne4
15. Qe1 O-O 16. Nc3 Nxc3 17. Qxc3 a5 18. c5 Be7 19. Bc2 Bxc2 20. Qxc2 Bf6 21.
Rad1 Rad8 22. e4 Rd7 23. e5 Be7 24. Qe4 Rfd8 25. Rd3 g6 26. Rc1 Rd5 27. Rcd1 b6
28. cxb6 Qxb6 29. b3 c5 30. Qf4 cxd4 31. h4 Rc8 32. Kh2 Qc7 33. Rxd4 Rxd4 34.
Rxd4 Rd8 35. Rc4 Qb6 36. h5 Qb7 37. Ng5 Bxg5 38. Qxg5 Re8 39. h6 Qe7 {Black
resigns} 1-0

[Event "Team 45 45 League T65"]
[Site "Internet Chess Club"]
[Date "2015.07.24"]
[Round "8"]
[White "Chess4Him"]
[Black "mongmong"]
[Result "0-1"]
[WhiteElo "1530"]
[BlackElo "1514"]
[Opening "Queen's pawn"]
[ECO "A40"]
[Time "19:00:16"]
[TimeControl "2700+45"]

1. d4 e6 2. Bf4 Nf6 3. e3 c5 4. c3 b6 5. Nf3 Bb7 6. Nbd2 Be7 7. Bd3 cxd4 8. exd4
O-O 9. Qc2 d6 10. h3 Nc6 11. O-O-O Rc8 12. Qa4 Qc7 13. Be3 Na5 14. Kb1 Bc6 15.
Bb5 a6 16. Bxc6 Qxc6 17. Qxc6 Rxc6 18. g4 b5 19. Bg5 Nd5 20. Bxe7 Nxe7 21. Rc1
Rfc8 22. b4 Nc4 23. Nxc4 Rxc4 24. Kb2 Nd5 25. Nd2 Rxc3 26. Rxc3 Rxc3 27. Ne4 Rc6
28. a3 Nb6 29. Rc1 Rxc1 30. Kxc1 Nc8 31. Kc2 Kf8 32. Kd3 Ke7 33. f4 h6 34. Nd2
Nb6 35. Ke4 d5+ 36. Kd3 Nc4 37. Nxc4 dxc4+ 38. Kc3 Kd6 39. h4 Kd5 40. f5 exf5
41. gxf5 g6 42. fxg6 fxg6 {White resigns} 0-1

[Event "Team 45 45 League T65"]
[Site "Internet Chess Club"]
[Date "2015.07.26"]
[Round "8"]
[White "backwardpawn903"]
[Black "Ostap-Bender"]
[Result "1-0"]
[WhiteElo "1347"]
[BlackElo "1401"]
[Opening "Queen's bishop game"]
[ECO "D02"]
[Time "21:00:26"]
[TimeControl "2700+45"]

1. d4 d5 2. Nf3 Nf6 3. Bf4 e6 4. e3 c5 5. c3 Nc6 6. Bd3 Be7 7. Nbd2 O-O 8. h3 c4
9. Bc2 b5 10. Ne5 Bb7 11. Ndf3 Nxe5 12. dxe5 Ne4 13. O-O f5 14. exf6 Bxf6 15.
Ne5 Bxe5 16. Bxe5 Rf5 17. Qd4 Qf8 18. Bxe4 dxe4 19. Rad1 Rf7 20. Qd6 Qe8 21. Rd2
Bc6 22. Rfd1 Rd7 23. Qxc6 {Black resigns} 1-0

[Event "Team 45 45 League T65"]
[Site "Internet Chess Club"]
[Date "2015.07.26"]
[Round "8"]
[White "stantheman59"]
[Black "bardu"]
[Result "0-1"]
[WhiteElo "1248"]
[BlackElo "1230"]
[Opening "King's knight's gambit"]
[ECO "C38"]
[Time "15:02:06"]
[TimeControl "2700+45"]

1. e4 e5 2. f4 exf4 3. Nf3 g5 4. Bc4 Bg7 5. d4 d6 6. Nc3 Nc6 7. a3 Bg4 8. O-O
Nxd4 9. Qd3 Nxf3+ 10. gxf3 Bh3 11. Bxf7+ Kxf7 12. Qd5+ Be6 13. Qd2 Nf6 14. Nd1
Re8 15. Nf2 Qd7 16. Rd1 Rad8 17. Qa5 a6 18. Qxg5 h6 19. Qxf4 Ke7 20. e5 Nd5 21.
exd6+ cxd6 22. Qh4+ Kf7 23. Qh5+ Ke7 24. Rxd5 Bxd5 25. Qxd5 Qc6 26. Qd3 Kd7 27.
Qf5+ Kc7 28. Qf7+ Qd7 29. Qc4+ Kb8 30. Ne4 d5 31. Bf4+ Ka8 32. Qc7 dxe4 33. Qb6
Bd4+ 34. Be3 Bxb6 35. Bxb6 exf3 36. Bxd8 Rxd8 37. Rf1 Rg8+ 38. Kf2 Qh3 39. Re1
Rg2+ 40. Ke3 f2+ 41. Kd2 fxe1=Q+ 42. Kxe1 Qe3+ 43. Kf1 Qf2# {White checkmated}
0-1